 Dungeon Crawl Stone Soup version 0.30-a0-576-g89cddaab80 (webtiles) character file.

Game seed: 3887649750726861747

873 MacCMillion the Cleaver (level 7, 0/57 HPs)
             Began as a Minotaur Fighter on Dec 28, 2022.
             Was an Initiate of Gozag.
             Slain by a kobold brigand
             ... wielding a +0 dagger
              (3 damage)
             ... in a sewer on Jan 2, 2023.
             The game lasted 00:12:15 (3122 turns).

MacCMillion the Cleaver (Minotaur Fighter)          Turns: 3122, Time: 00:12:16

Health: 0/57       AC: 12    Str: 23    XL:     7   Next: 74%
Magic:  6/6        EV:  6    Int:  5    God:    Gozag
Gold:   154        SH:  5    Dex:  9    Spells: 6/6 levels left

rFire   . . .      SeeInvis .    a - +0 war axe
rCold   . . .      Faith    .    c - +0 buckler
rNeg    . . .      Spirit   .    m - +0 plate armour
rPois   .          Reflect  .    (helmet restricted)
rElec   .          Harm     .    (no cloak)
rCorr   .          Rampage  .    s - +0 pair of gloves
Will    .....                    (no boots) Stlth
                                 (no amulet)
HPRegen 0.29/turn                (no ring)
MPRegen 0.10/turn                (no ring)

@: gold aura, slowed, very slow
A: horns 2, retaliatory headbutt
a: Renounce Religion, Potion Petition, Call Merchant, Bribe Branch


You were in a sewer.
You worshipped Gozag.
Gozag was aware of your devotion.
You visited 1 branch of the dungeon, and saw 4 of its levels.
You also visited: Sewer.

You collected 194 gold pieces.
You paid 40 gold pieces to Gozag.

Inventory:

Hand Weapons
 a - a +0 war axe (weapon)
 v - the +5 spear of Balance {heavy, Int+4}
   (You found it on level 3 of the Dungeon)

   It deals dramatically more damage, but attacks with it are much slower.
   Int:       It affects your intelligence (+4).
Missiles
 t - 5 boomerangs (quivered)
 u - 4 curare-tipped darts
Armour
 b - a +0 scale mail
 c - a +0 buckler (worn)
 m - a +0 plate armour (worn)
 s - a +0 pair of gloves (worn)
Jewellery
 l - the ring "Duekowob" {Drain Fly rCorr Int+6 Dex+6}
   (You found it on level 2 of the Dungeon)

   [ring of intelligence]

   Int:       It affects your intelligence (+6).
   Dex:       It affects your dexterity (+6).
   Fly:       It grants you flight.
   rCorr:     It protects you from acid and corrosion.
   Drain:     It drains your maximum health when unequipped.
 w - a ring of protection from fire
Scrolls
 d - a scroll of brand weapon {unknown}
 i - a scroll of noise
Potions
 f - a potion of ambrosia
 g - a potion of mutation {unknown}
 h - a potion of magic {unknown}
 j - a potion of brilliance {unknown}
 k - a potion of lignification {unknown}
 o - a potion of haste {unknown}
 p - a potion of berserk rage {unknown}
 q - a potion of degeneration {unknown}


   Skills:
 - Level 3.6 Fighting
 * Level 9.7 Axes
 - Level 3.6 Armour
 - Level 6.0 Shields


You had 6 spell levels left.
You didn't know any spells.
Your spell library contained the following spells:

 Spells                   Type           Power      Damage    Failure   Level
 Gell's Gravitas          Tloc           0%         N/A       100%        3
 Lesser Beckoning         Tloc           0%         N/A       100%        3
 Teleport Other           Tloc           0%         N/A       100%        3


Dungeon Overview and Level Annotations

Branches:
Dungeon (4/15)              Sewer (1/1)
 Temple: D:4-7

Altars:
Gozag
Wu Jian

Shops:
D:4 [


Innate Abilities, Weirdness & Mutations

You have a pair of horns on your head.
You reflexively headbutt those who attack you in melee.


Message History

The curare-tipped dart hits you.
You are more poisoned.
You have difficulty breathing.
You feel as though you will be slow longer.
You see here 9 gold pieces.
You feel extremely sick. The kobold brigand barely misses you.
You barely miss the kobold brigand.
Your headbutt misses the kobold brigand.
You feel very sick. The kobold brigand barely misses you.
You furiously retaliate!
You headbutt the kobold brigand!
Your unstable footing causes you to fumble your attack.
You feel very sick.
The kobold brigand splashes around in the water. x2
Unknown command.
Your unstable footing causes you to fumble your attack.
You feel very sick. You block the kobold brigand's attack.
Your unstable footing causes you to fumble your attack.
You feel sick.
The kobold brigand splashes around in the water.
The kobold brigand hits you but does no damage.
You hit the kobold brigand but do no damage.
You headbutt the kobold brigand!
The kobold brigand is heavily wounded.
You feel sick.
The kobold brigand hits you with a +0 dagger.
* * * LOW HITPOINT WARNING * * *
You closely miss the kobold brigand.
Your headbutt misses the kobold brigand.
The kobold brigand is heavily wounded.
You feel sick.
You are no longer poisoned.
The kobold brigand hits you but does no damage.
You block the kobold brigand's attack.
Your unstable footing causes you to fumble your attack.
The kobold brigand hits you with a +0 dagger.
You die...
Your body crumbles into a pile of gold.

#####
#.#.#
#~#~#
#~#~#
#~#K#
#~~@#
##$##
~# #.#
~#
#~###~#
#.~~~~#
##~~~##
#.~.#
#~~.#
##.~.#


You could see a kobold brigand.

Vanquished Creatures
  A black bear (D:4)
  An orc warrior (D:4)
  2 kobold brigands (Sewer)
  Blork the orc (D:4)
  A howler monkey (D:4)
  A hound (D:4)
  An orc priest (D:4)
  3 iguanas (D:4)
  2 orc wizards (D:4)
  Robin (D:4)
  3 gnolls (D:4)
  10 adders
  A river rat (Sewer)
  4 worms
  2 dart slugs
  8 orcs
  7 endoplasms
  3 giant cockroaches
  7 hobgoblins
  10 kobolds
  3 quokkas
  8 ball pythons
  10 bats
  2 frilled lizards
  16 goblins
  12 rats
120 creatures vanquished.

Vanquished Creatures (others)
  3 fungi (D:1)
  2 plants (D:1)
5 creatures vanquished.

Grand Total: 125 creatures vanquished

Notes
Turn   | Place    | Note
-------+----------+-------------------------------------------
     0 | D:1      | MacCMillion the Minotaur Fighter began the quest for the
                  | Orb.
     0 | D:1      | Reached XP level 1. HP: 19/19 MP: 0/0
   172 | D:1      | Reached skill level 3 in Axes
   211 | D:1      | Reached XP level 2. HP: 26/26 MP: 1/1
   672 | D:2      | Reached XP level 3. HP: 31/31 MP: 2/2
   697 | D:2      | Reached skill level 4 in Axes
   763 | D:2      | Upgraded the game from 0.30-a0-561-g1b0378597e to
                  | 0.30-a0-576-g89cddaab80
  1087 | D:2      | Identified the ring "Duekowob" {Drain Fly rCorr Int+6
                  | Dex+6}
  1205 | D:2      | Reached XP level 4. HP: 34/39 MP: 3/3
  1650 | D:3      | Reached skill level 5 in Axes
  1800 | D:3      | Found an ornate altar of the Wu Jian Council.
  1999 | D:3      | Identified the +5 spear of Balance {heavy, Int+4}
  2021 | D:3      | Found an opulent altar of Gozag.
  2143 | D:4      | Found Qouclul's Antique Armour Shop.
  2202 | D:3      | Became a worshipper of Gozag Ym Sagoz the Greedy
  2268 | D:4      | Reached XP level 5. HP: 39/45 MP: 4/4
  2272 | D:4      | Noticed Robin
  2276 | D:4      | Reached skill level 5 in Shields
  2288 | D:4      | Killed Robin
  2327 | D:4      | Reached skill level 6 in Axes
  2331 | D:4      | Noticed a black bear
  2337 | D:4      | Killed a black bear
  2338 | D:4      | Reached XP level 6. HP: 51/51 MP: 5/5
  2349 | D:4      | Noticed an orc warrior
  2358 | D:4      | Reached skill level 7 in Axes
  2375 | D:4      | Killed an orc warrior
  2376 | D:4      | HP: 1/51 [something (4)]
  2377 | D:4      | Reached XP level 7. HP: 1/57 MP: 6/6
  2382 | D:4      | Reached skill level 8 in Axes
  2550 | D:4      | Noticed Blork the orc
  2559 | D:4      | Killed Blork the orc
  2607 | D:4      | Found a glowing drain.
  2624 | Sewer    | Entered a sewer
  2687 | Sewer    | Reached skill level 9 in Axes
  3122 | Sewer    | Slain by a kobold brigand

Illustrated notes

Levels and vault maps discovered:
D:1:      lemuel_arrival_muddy, layout_loops_ring
D:2:      layout_rooms, serial_bayou_pond_d, chequers_arboretum
D:3:      layout_loops_ring, mainiacjoe_overflow_paths,
          nicolae_gozag_seed_capital
D:4:      layout_layer_cave, portal_sewer_entry_a, serial_shops, shop,
          uniq_blork_the_orc, uniq_robin
Sewer:    sewer_co_tree

Skill      XL: |  1  2  3  4  5  6  7 |
---------------+----------------------+-----
Axes           | 3 4 5 6 7 9 |  9.7
Shields        | 4 5 6 |  6.0
Fighting       | |  3.6
Armour         | |  3.6

Action                   |  1- 3 |  4- 6 |  7- 9 || total
-------------------------+-------+-------+-------++-------
Melee: War axe           |    95 |    92 |    97 ||   284
       Headbutt          |    11 |    14 |    16 ||    41
Throw: Dart              |       |     4 |       ||     4
       Boomerang         |       |     4 |     1 ||     5
  Use: Scroll            |       |     5 |       ||     5
       Potion            |       |     3 |       ||     3
 Stab: Distracted        |       |       |     1 ||     1
Armor: Scale mail        |    41 |     1 |       ||    42
       Plate armour      |       |    86 |    39 ||   125
Dodge: Dodged            |    51 |    45 |    14 ||   110
Block: Buckler           |    22 |    30 |    19 ||    71

Table legend: (Time is in decaauts)
 A = Elapsed time spent in this place.
 B = Non-inter-level travel time spent in this place.
 C = Inter-level travel time spent in this place.
 D = Time resting spent in this place.
 E = Time spent auto-exploring this place.
 F = Levels seen in this place.
 G = Mean time per level.
                   A        B        C        D        E       F      G
               +--------+--------+--------+--------+--------+-----+--------+
         Total |   3282 |   2972 |    310 |    220 |   1826 |   5 |  656.4 |
       Dungeon |   2692 |   2382 |    310 |    220 |   1389 |   4 |  673.0 |
         Sewer |    589 |    589 |      0 |      0 |    437 |   1 |  589.0 |
               +--------+--------+--------+--------+--------+-----+--------+

Top non-repeatable levels by time:
     D:3: 897 daAuts
     D:2: 687 daAuts
     D:1: 676 daAuts
   Sewer: 589 daAuts
     D:4: 431 daAuts
